 Dungeon Crawl Stone Soup version 0.28.0-53-g5a82cb258f (webtiles) character file.

Game seed: 639888936193938064

515 selky the Slasher (level 7, 0/55 HPs)
             Began as a Formicid Fighter on July 1, 2022.
             Was an Initiate of Makhleb.
             Succumbed to a water moccasin's poison
             ... on level 5 of the Dungeon.
             The game lasted 00:06:39 (4342 turns).

selky the Slasher (Formicid Fighter)                Turns: 4342, Time: 00:06:39

Health: 0/55       AC:  7    Str: 23    XL:     7   Next: 44%
Magic:  7/7        EV:  9    Int:  7    God:    Makhleb [......]
Gold:   139        SH:  4    Dex: 10    Spells: 6/6 levels left

rFire   . . .      SeeInvis +   m - +0 morningstar
rCold   . . .      Faith    .   c - +0 buckler
rNeg    . . .      Spirit   .   b - +0 scale mail
rPois   .          Reflect  .   (helmet unavailable)
rElec   .          Harm     .   f - scarf {+Inv}
rCorr   .          Rampage  .   (no gloves)
Will    .....                   (no boots)
Stlth   ..........              (no amulet)
HPRegen 0.18/turn               (no ring)
MPRegen 0.10/turn               (no ring)

@: brilliant, lethally poisoned (0 -> -5)
A: permanent stasis, dig shafts and tunnels, antennae 3, four strong arms
a: Dig, Shaft Self, Renounce Religion, Evoke Invisibility


You were on level 5 of the Dungeon.
You worshipped Makhleb.
Makhleb was noncommittal.
You visited 2 branches of the dungeon, and saw 6 of its levels.

You collected 139 gold pieces.

Inventory:

Hand Weapons
 a - a +0 long sword
 m - a +0 morningstar (weapon)
Armour
 b - a +0 scale mail (worn)
 c - a +0 buckler (worn)
 f - a scarf of invisibility (worn)
Scrolls
 e - 7 scrolls of identify {unknown}
 h - a scroll of enchant weapon {unknown}
 j - 2 scrolls of teleportation {unknown}
 l - a scroll of immolation {unknown}
Potions
 i - 2 potions of haste


   Skills:
 + Level 4.5 Fighting
 - Level 5.2 Long Blades
 + Level 2.6 Maces & Flails
 - Level 4.5 Armour
 + Level 4.5 Shields


You had 6 spell levels left.
You didn't know any spells.
Your spell library contained the following spells:

 Spells                   Type           Power      Damage    Failure   Level
 Freeze                   Ice            0%         1d3       80%         1
 Frozen Ramparts          Ice            0%         1d2       99%         3
 Hailstorm                Conj/Ice       0%         3d3       100%        4
 Summon Ice Beast         Ice/Summ       0%         N/A       100%        4
 Summon Mana Viper        Hex/Summ       0%         N/A       100%        5
 Monstrous Menagerie      Summ           0%         N/A       100%        7


Dungeon Overview and Level Annotations

Branches:
Dungeon (5/15)             Temple (1/1) D:4

Altars:
Ashenzari
Cheibriados
Dithmenos
Elyvilon
Fedhas
Gozag
Hepliaklqana
Kikubaaqudgha
Makhleb
Nemelex Xobeh
Okawaru
Qazlal
Ru
Sif Muna
Trog
Uskayaw
Vehumet
Wu Jian
Xom
Yredelemnul
Zin
The Shining One


Innate Abilities, Weirdness & Mutations

You cannot be hasted, slowed, berserked, paralysed or teleported.
You can dig through walls and to a lower floor.
You have a pair of large antennae on your head. (SInv)
Your four strong arms can wield two-handed weapons with a shield.


Message History

The water moccasin bites you.
* * * LOW HITPOINT WARNING * * *
The water moccasin bites you but does no damage.
You puncture the water moccasin!
The water moccasin is severely wounded.
The water moccasin closely misses you. The water moccasin bites you.
* * * LOW HITPOINT WARNING * * *
You hit the water moccasin.
The water moccasin is almost dead.
The water moccasin bites you but does no damage. x2
You hit the water moccasin but do no damage.
The water moccasin is almost dead.
The water moccasin closely misses you. The water moccasin barely misses you.
You barely miss the water moccasin.
The water moccasin is almost dead.
The water moccasin bites you.
* * * LOW HITPOINT WARNING * * *
You are lethally poisoned!
The water moccasin poisons you!
You thump the water moccasin!
You kill the water moccasin!
Makhleb accepts your kill.
* * * LOW HITPOINT WARNING * * *
You feel very sick.
Your Maces & Flails skill increases to level 2!
* * * LOW HITPOINT WARNING * * *
You feel sick.
You see here a water moccasin corpse.
There is a lethal amount of poison in your body!
There is a lethal amount of poison in your body!
There is a lethal amount of poison in your body!
* * * LOW HITPOINT WARNING * * *
You feel sick.
* * * LOW HITPOINT WARNING * * *
You feel sick.
Okay, then.
As you read the scroll labelled DEYKHLA ANTYI, it crumbles to dust.
You assume a fearsome visage.
Nothing appears to happen.
It was a scroll of fear.
You die...

.....#(..... #
...........##.
.............
...........##
............#
#...........##
#....#.†....##
#....#.......##
#.....@.......###
......#<.........#
..##..#........###
#..........###
..............##
...#............#
..#
....>.......###
..............#
...........###


There were no monsters in sight!

Vanquished Creatures
  Sigmund (D:3)
  A water moccasin (D:5)
  A water moccasin zombie (D:5)
  A centaur skeleton (D:4)
  Jessica (D:3)
  An orc wizard (D:3)
  3 adders
  An ufetubus (D:5)
  3 worms
  3 dart slugs
  5 orcs
  4 endoplasms
  4 giant cockroaches
  5 goblins
  4 hobgoblins
  4 jackals (D:4)
  2 kobolds
  5 quokkas
  7 ball pythons
  7 bats
  A frilled lizard (D:1)
  7 rats
71 creatures vanquished.

Notes
Turn   | Place    | Note
-------+----------+-------------------------------------------
     0 | D:1      | selky the Formicid Fighter began the quest for the Orb.
     0 | D:1      | Reached XP level 1. HP: 18/18 MP: 1/1
    69 | D:1      | Reached XP level 2. HP: 24/24 MP: 2/2
   766 | D:1      | Found a faded altar of an unknown god.
   919 | D:2      | Reached XP level 3. HP: 15/29 MP: 3/3
  1686 | D:2      | Reached skill level 3 in Long Blades
  1818 | D:2      | Reached XP level 4. HP: 32/36 MP: 4/4
  1851 | D:2      | Found a sparkling altar of Nemelex Xobeh.
  2435 | D:3      | Noticed Jessica
  2448 | D:3      | Killed Jessica
  2449 | D:3      | Reached XP level 5. HP: 15/42 MP: 5/5
  2737 | D:3      | Reached skill level 4 in Long Blades
  3272 | D:3      | Noticed Sigmund
  3285 | D:3      | Killed Sigmund
  3286 | D:3      | Reached skill level 5 in Long Blades
  3286 | D:3      | Reached XP level 6. HP: 38/48 MP: 6/6
  3488 | D:4      | Found a staircase to the Ecumenical Temple.
  3499 | Temple   | Entered the Ecumenical Temple
  3721 | Temple   | Became a worshipper of Makhleb the Destroyer
  3737 | D:4      | Noticed a black bear
  4018 | D:4      | Reached skill level 1 in Maces & Flails
  4094 | D:5      | Entered Level 5 of the Dungeon
  4151 | D:5      | Reached XP level 7. HP: 36/54 MP: 7/7
  4256 | D:5      | Found an iron altar of Okawaru.
  4306 | D:5      | Noticed a water moccasin
  4338 | D:5      | Killed a water moccasin
  4341 | D:5      | HP: 1/55 [poisoned by a water moccasin]
  4342 | D:5      | Succumbed to a water moccasin's poison

Illustrated notes

Levels and vault maps discovered:
D:1:      dpeg_arrival_boxorama, layout_basic,
          shapermc_ecumenical_altar_hornbeckon, minmay_misc_feat_doors
D:2:      layout_basic, basic_altar
D:3:      layout_basic, uniq_jessica, uniq_sigmund
D:4:      layout_cave_pools, temple_green
D:5:      layout_cave_pools, okawaru_gym_becter, enter_ossuary_5,
          uniq_crazy_yiuf_cottage, uniq_menkaure
Temple:   compressed_dpeg_triangle_lava_temple

Skill      XL: |  1  2  3  4  5  6  7 |
---------------+----------------------+-----
Shields        | 4 |  4.5
Long Blades    | 3 5 |  5.2
Armour         | 4 |  4.5
Fighting       | 4 |  4.5
Maces & Flails | 1 2 |  2.6

Action                   |  1- 3 |  4- 6 |  7- 9 || total
-------------------------+-------+-------+-------++-------
Melee: Long sword        |   114 |    49 |       ||   163
       Morningstar       |       |    94 |    22 ||   116
 Abil: Dig               |       |     3 |       ||     3
  Use: Potion            |       |     1 |     5 ||     6
       Scroll            |       |       |     1 ||     1
Armor: Scale mail        |    68 |    55 |    10 ||   133
Dodge: Dodged            |    66 |    79 |    17 ||   162
Block: Buckler           |    26 |    41 |    10 ||    77
